 Dungeon Crawl Stone Soup version 0.29-a0-286-g41199d4a87 (webtiles) character file.

Game seed: 7241745585039739220

424 epen the Vexing (level 6, -4/47 HPs)
             Began as a Gnoll Arcane Marksman on Mar 16, 2022.
             Slain by a goblin
             ... wielding a +0 dagger
             ... led by Robin
              (5 damage)
             ... on level 3 of the Dungeon.
             The game lasted 00:04:27 (3200 turns).

epen the Vexing (Gnoll Arcane Marksman)             Turns: 3200, Time: 00:04:28

Health: -4/47      AC:  4    Str:  9    XL:     6   Next: 96%
Magic:  11/11      EV: 15    Int: 13    God:
Gold:   142        SH:  0    Dex: 20    Spells: 11/12 levels left

rFire   . . .      SeeInvis +   a - +0 shortbow
rCold   . . .      Faith    .   (shield currently unavailable)
rNeg    . . .      Spirit   .   b - +1 robe
rPois   .          Reflect  .   (no helmet)
rElec   .          Harm     .   (no cloak)
rCorr   .          Rampage  .   j - +0 pair of gloves
Will    .....                   (no boots)
Stlth   ++........              (no amulet)
HPRegen 0.15/turn               m - +6 ring of dexterity
MPRegen 0.12/turn               l - ring of see invisible

@: flying
A: fangs 1, strong nose, distributed training
a: no special abilities


You were on level 3 of the Dungeon.
You visited 1 branch of the dungeon, and saw 3 of its levels.
You also visited: Sewer.

You collected 142 gold pieces.

Inventory:

Hand Weapons
 a - a +0 shortbow (weapon)
 e - a +2 short sword of draining
Armour
 b - a +1 robe (worn)
 j - a +0 pair of gloves (worn)
Jewellery
 l - a ring of see invisible (right hand)
 m - a +6 ring of dexterity (left hand)
Scrolls
 c - 2 scrolls of vulnerability
 g - a scroll of enchant armour
 i - a scroll of magic mapping
Potions
 d - a potion of cancellation
 h - 2 potions of mutation


   Skills:
 + Level 3.4 Fighting
 + Level 2.2 Short Blades
 + Level 2.2 Long Blades
 + Level 2.2 Axes
 + Level 2.2 Maces & Flails
 + Level 2.2 Polearms
 + Level 2.2 Staves
 + Level 2.2 Slings
 + Level 5.1 Bows
 + Level 2.2 Crossbows
 + Level 2.2 Throwing
 + Level 2.2 Armour
 + Level 5.1 Dodging
 + Level 2.2 Stealth
 + Level 2.2 Shields
 + Level 2.2 Unarmed Combat
 + Level 3.6 Spellcasting
 + Level 1.7 Conjurations
 + Level 5.7 Hexes
 + Level 1.7 Summonings
 + Level 1.7 Necromancy
 + Level 1.7 Translocations
 + Level 1.7 Transmutations
 + Level 1.7 Fire Magic
 + Level 1.7 Ice Magic
 + Level 1.7 Air Magic
 + Level 1.7 Earth Magic
 + Level 1.7 Poison Magic
 + Level 2.4 Invocations
 + Level 2.2 Evocations


You had 11 spell levels left.
You knew the following spells:

 Your Spells              Type           Power      Damage    Failure   Level
a - Slow                  Hex            68%        N/A       1%          1

Your spell library contained the following spells:

 Spells                   Type           Power      Damage    Failure   Level
 Inner Flame              Hex/Fire       12%        N/A       14%         3
 Portal Projectile        Hex/Tloc       24%        N/A       14%         3
 Blink                    Tloc           12%        N/A       16%         2
 Cause Fear               Hex            8%         N/A       21%         4
 Lesser Beckoning         Tloc           6%         N/A       30%         3
 Blade Hands              Tmut           3%         N/A       96%         5
 Irradiate                Conj/Tmut      3%         3d15      96%         5
 Manifold Assault         Tloc           6%         N/A       96%         5
 Dragon Form              Tmut           3%         N/A       100%        7


Dungeon Overview and Level Annotations

Branches:
Dungeon (3/15)              Sewer (visited)

Altars:


Innate Abilities, Weirdness & Mutations

You have very sharp teeth.
Your uncanny sense of smell can sniff out nearby items.
Your experience applies equally to all skills.


Message History

Aim: a goblin, wielding a +0 club (heavily wounded, strong, 59% to hit)
You shoot an arrow. The arrow closely misses the goblin.
The goblin barely misses you.
The goblin hits you with a +0 dagger. x2
* * * LOW HITPOINT WARNING * * *
Shoot: a) +0 shortbow
Press: ? - help, Shift-Dir - straight line, f/p - goblin
Aim: a goblin, wielding a +0 club (heavily wounded, strong, 59% to hit)
You shoot an arrow. The arrow hits the goblin!
You kill the goblin!
The goblin completely misses you. The goblin hits you but does no damage.
The goblin hits you with a +0 dagger.
* * * LOW HITPOINT WARNING * * *
Shoot: a) +0 shortbow
Press: ? - help, Shift-Dir - straight line, f - goblin
Aim: a goblin, wielding a +0 dagger (strong, 59% to hit)
You shoot an arrow.
The arrow hits the goblin but does no damage.
The goblin hits you with a +0 dagger.
* * * LOW HITPOINT WARNING * * *
The goblin closely misses you.
Shoot: a) +0 shortbow
Press: ? - help, Shift-Dir - straight line, f/p - goblin
Aim: a goblin, wielding a +0 dagger (strong, 59% to hit)
You shoot an arrow. The arrow hits the goblin.
The goblin is severely wounded.
The goblin closely misses you. x2; The goblin hits you with a +0 dagger.
* * * LOW HITPOINT WARNING * * *
Shoot: a) +0 shortbow
Press: ? - help, Shift-Dir - straight line, f/p - goblin
Aim: a goblin, wielding a +0 dagger (severely wounded, strong, 59% to hit)
You shoot an arrow. The arrow hits the goblin.
You kill the goblin!
The goblin barely misses you.
Shoot: a) +0 shortbow
Press: ? - help, Shift-Dir - straight line, f - goblin
Aim: a goblin, wielding a +0 dagger (strong, 59% to hit)
You shoot an arrow.
The arrow hits the goblin but does no damage.
The goblin hits you with a +0 dagger.
You die...

***** *****######* *...# ****
#,*,,.....#####..######### ,,,*
#.*,**#..........#........
,,,**###'#,* #..........#........
,,,*,......* #..........#........
,,,*,......###......)...#........
,,,+,....g.)<'..................>
,,,*,,,,,,,#?#.))g....#[#[.......
****,,,,,,,#.).)@######..<######+
********+*,####### ##### #.
,,,,,,,,,,,,* #. ,,,,,,,,,,,,* #.
,,,,,,,,,,,,* ***** **######.
****,,,*+*,,* *∆,,*** **.#......
,,,,,,,*,**** *,,,+,****,.....##.
,,,,,,,*,,,,* *,,,**,,*,,........
,,,,,,,,,,,,* ********,*,.#..###.


You could see a goblin (strong).

Vanquished Creatures
  2 kobold brigands (Sewer)
  An orc wizard (D:3)
  Robin (D:3)
  9 adders
  5 river rats
  4 worms
  4 dart slugs
  3 orcs (D:3)
  8 ball pythons
  13 endoplasms
  2 giant cockroaches (D:3)
  6 hobgoblins
  4 jackals (D:2)
  5 quokkas
  4 bats
  4 frilled lizards
  15 goblins
  10 kobolds
  9 rats
109 creatures vanquished.

Notes
Turn   | Place    | Note
-------+----------+-------------------------------------------
     0 | D:1      | epen the Gnoll Arcane Marksman began the quest for the Orb.
     0 | D:1      | Reached XP level 1. HP: 17/17 MP: 4/4
   237 | D:1      | Reached XP level 2. HP: 23/23 MP: 5/5
   472 | D:1      | Reached XP level 3. HP: 28/28 MP: 7/7
  1108 | D:2      | Reached skill level 1 in Invocations
  1216 | D:2      | Reached skill level 1 in Short Blades
  1216 | D:2      | Reached skill level 1 in Long Blades
  1216 | D:2      | Reached skill level 1 in Axes
  1216 | D:2      | Reached skill level 1 in Maces & Flails
  1216 | D:2      | Reached skill level 1 in Polearms
  1216 | D:2      | Reached skill level 1 in Staves
  1216 | D:2      | Reached skill level 1 in Slings
  1216 | D:2      | Reached skill level 1 in Crossbows
  1216 | D:2      | Reached skill level 1 in Throwing
  1216 | D:2      | Reached skill level 1 in Armour
  1216 | D:2      | Reached skill level 1 in Stealth
  1216 | D:2      | Reached skill level 1 in Shields
  1216 | D:2      | Reached skill level 1 in Unarmed Combat
  1216 | D:2      | Reached skill level 1 in Evocations
  1242 | D:2      | Reached XP level 4. HP: 24/34 MP: 8/8
  1654 | D:2      | Reached skill level 1 in Conjurations
  1654 | D:2      | Reached skill level 1 in Summonings
  1654 | D:2      | Reached skill level 1 in Necromancy
  1654 | D:2      | Reached skill level 1 in Translocations
  1654 | D:2      | Reached skill level 1 in Transmutations
  1654 | D:2      | Reached skill level 1 in Fire Magic
  1654 | D:2      | Reached skill level 1 in Ice Magic
  1654 | D:2      | Reached skill level 1 in Air Magic
  1654 | D:2      | Reached skill level 1 in Earth Magic
  1654 | D:2      | Reached skill level 1 in Poison Magic
  1916 | D:3      | Reached XP level 5. HP: 40/40 MP: 9/9
  2003 | D:3      | Found a glowing drain.
  2032 | Sewer    | Entered a sewer
  2398 | Sewer    | Reached XP level 6. HP: 42/47 MP: 10/10
  2494 | Sewer    | Reached skill level 5 in Bows
  2494 | Sewer    | Reached skill level 5 in Dodging
  2988 | D:3      | Found a faded altar of an unknown god.
  3163 | D:3      | Noticed Robin
  3189 | D:3      | Killed Robin
  3198 | D:3      | HP: 1/47 [goblin/+0 dagger[Robin] (5)]
  3200 | D:3      | Slain by a goblin

Illustrated notes

Levels and vault maps discovered:
D:1:      ncdulo_smallfort, layout_loops_corners, minmay_tall_x
D:2:      layout_basic, minmay_misc_feat_secret_circle,
          chequers_serial_rivers_room_a, minmay_tetromino_l2
D:3:      layout_basic, gammafunk_temple_overflow_pools, portal_sewer_entry_e,
          ebering_ecumenical_altar_hall, uniq_robin, uniq_crazy_yiuf_cottage

Skill      XL: |  1  2  3  4  5  6 |
---------------+-------------------+-----
Invocations    | 1 2 |  2.4
Short Blades   | 1 2 |  2.2
Long Blades    | 1 2 |  2.2
Axes           | 1 2 |  2.2
Maces & Flails | 1 2 |  2.2
Polearms       | 1 2 |  2.2
Staves         | 1 2 |  2.2
Slings         | 1 2 |  2.2
Crossbows      | 1 2 |  2.2
Throwing       | 1 2 |  2.2
Armour         | 1 2 |  2.2
Stealth        | 1 2 |  2.2
Shields        | 1 2 |  2.2
Unarmed Combat | 1 2 |  2.2
Evocations     | 1 2 |  2.2
Spellcasting   | 3 |  3.6
Conjurations   | 1 |  1.7
Summonings     | 1 |  1.7
Necromancy     | 1 |  1.7
Translocations | 1 |  1.7
Transmutations | 1 |  1.7
Fire Magic     | 1 |  1.7
Ice Magic      | 1 |  1.7
Air Magic      | 1 |  1.7
Earth Magic    | 1 |  1.7
Poison Magic   | 1 |  1.7
Fighting       | 3 |  3.4
Bows           | 5 |  5.1
Dodging        | 5 |  5.1
Hexes          | |  5.7

Action                   |  1- 3 |  4- 6 || total
-------------------------+-------+-------++-------
 Fire: Shortbow          |    98 |   259 ||   357
  Use: Scroll            |       |     5 ||     5
       Potion            |       |     6 ||     6
Armor: Robe              |     9 |    37 ||    46
Dodge: Dodged            |    38 |   164 ||   202

Table legend: (Time is in decaauts)
 A = Elapsed time spent in this place.
 B = Non-inter-level travel time spent in this place.
 C = Inter-level travel time spent in this place.
 D = Time resting spent in this place.
 E = Time spent auto-exploring this place.
 F = Levels seen in this place.
 G = Mean time per level.
                   A        B        C        D        E       F      G
               +--------+--------+--------+--------+--------+-----+--------+
         Total |   3432 |   3338 |     94 |     42 |   2608 |   4 |  858.0 |
       Dungeon |   2336 |   2242 |     94 |     42 |   1728 |   3 |  778.7 |
         Sewer |   1095 |   1095 |      0 |      0 |    880 |   1 | 1095.0 |
               +--------+--------+--------+--------+--------+-----+--------+

Top non-repeatable levels by time:
     D:1: 1109 daAuts
   Sewer: 1095 daAuts
     D:2: 844 daAuts
     D:3: 382 daAuts
